Map: [ESL] Babylon

Players

Nanami

  • Race: Protoss Protoss
  • Spawn Location: 11:00

MeomaikA - Winner!

  • Race: Zerg Zerg
  • Spawn Location: 5:00

Event: ESL SC2 Masters 2023 Summer (Regionals)

VOD

Have the link to the VOD?

Description

Time

  • Played on: May 4, 2023, 7:26 a.m.
  • Length: 11:49
Show
View Real Time Build Order
Export as new Build Order

Nanami Protoss 

Build Orders: 1 Gate Expand, Zealot Archon, Archon Drop, Dark Templar Rush 

Get SALT Encoding   

  12  0:00  Probe  
  13  0:15  Pylon  
  13  0:17  Probe (Chrono Boost)  
  14  0:27  Probe (Chrono Boost)  
  15  0:32  Probe (Chrono Boost)  
  16  0:39  Gateway  
  16  0:43  Probe  
  16  0:48  Assimilator  
  17  0:55  Probe  
  18  1:08  Probe  
  19  1:14  Pylon  
  19  1:20  Probe  
  20  1:27  Cybernetics Core  
  20  1:38  Nexus  
  20  1:40  Probe  
  21  1:50  Pylon  
  21  1:52  Assimilator  
  21  1:54  Probe  
  22  2:06  Probe  
  22  2:07  Adept (Chrono Boost), Warp Gate  
  24  2:18  Probe  
  25  2:27  Stalker (Chrono Boost)  
  27  2:30  Probe  
  28  2:38  Twilight Council  
  28  2:43  Probe  
  29  2:55  Probe (Chrono Boost)  
  31  3:00  Probe (Chrono Boost), Robotics Facility  
  31  3:04  Probe (Chrono Boost)  
  32  3:08  Probe (Chrono Boost)  
  32  3:09  Probe (Chrono Boost)  
  34  3:14  Gateway  
  34  3:19  Probe  
  35  3:21  Probe  
  35  3:25  Dark Shrine  
  36  3:28  Adept  
  36  3:31  Probe  
  36  3:33  Probe  
  40  3:36  Gateway  
  40  3:43  Probe  
  40  3:45  Warp Prism (Chrono Boost)  
  41  3:52  Probe  
  41  3:53  Assimilator  
  44  3:56  Pylon  
  44  4:01  Probe  
  45  4:04  Probe  
  45  4:05  Pylon  
  46  4:15  Adept x2  
  50  4:23  Probe  
  50  4:24  Probe  
  54  4:39  Dark Templar  
  54  4:40  Dark Templar  
  54  4:41  Dark Templar  
  54  4:45  Nexus  
  58  4:50  Probe x2, Pylon  
  60  4:58  Blink (Chrono Boost)  
  60  5:03  Probe x2  
  60  5:12  Shield Battery, Assimilator  
  56  5:15  Probe, Dark Templar  
  56  5:17  Probe  
  60  5:22  Archon  
  60  5:27  Probe  
  61  5:29  Probe  
  62  5:37  Gateway  
  62  5:39  Probe, Gateway, Observer  
  62  5:40  Gateway  
  62  5:42  Forge  
  64  5:43  Probe (Chrono Boost)  
  63  5:51  Probe (Chrono Boost)  
  63  5:55  Probe (Chrono Boost)  
  65  5:58  Gateway  
  65  6:01  Probe (Chrono Boost)  
  65  6:02  Probe (Chrono Boost), Gateway, Dark Templar  
  70  6:05  Probe (Chrono Boost)  
  70  6:08  Archon  
  70  6:09  Stalker x2  
  70  6:10  Probe  
  74  6:15  Protoss Ground Weapons Level 1  
  74  6:16  Probe  
  74  6:18  Probe  
  77  6:23  Probe  
  78  6:28  Observer  
  78  6:29  Probe  
  78  6:31  Probe  
  81  6:38  Pylon x2, Stalker x2  
  85  6:40  Dark Templar  
  85  6:43  Stalker  
  85  6:44  Stalker  
  83  6:47  Stalker  
  83  6:52  Probe  
  83  6:53  Dark Templar  
  82  6:57  Shield Battery  
  82  7:00  Stalker  
  82  7:06  Stalker x2  
  80  7:11  Zealot x2  
  80  7:15  Dark Templar  
  85  7:16  Zealot  
  85  7:21  Probe  
  81  7:28  Dark Templar  
  70  7:34  Zealot  
  64  7:40  Stalker  
  52  7:52  Stalker  
  52  7:53  Probe x2 (Chrono Boost)  
  52  8:04  Probe (Chrono Boost)  
  50  8:08  Probe x2 (Chrono Boost)  
  50  8:12  Probe (Chrono Boost)  
  49  8:14  Probe (Chrono Boost)  
  49  8:19  Probe (Chrono Boost)  
  52  8:29  Probe (Chrono Boost)  
  52  8:33  Probe x2 (Chrono Boost)  
  54  8:37  Probe (Chrono Boost)  
  54  8:38  Probe x2 (Chrono Boost)  
  58  8:48  Probe (Chrono Boost)  
  58  8:50  Probe x2 (Chrono Boost)  
  58  8:52  Stalker  
  58  8:53  Archon  
  62  8:56  Probe (Chrono Boost)  
  62  8:57  Probe x2 (Chrono Boost)  
  62  9:02  Stalker  
  67  9:04  Probe (Chrono Boost)  
  67  9:05  Probe (Chrono Boost)  
  67  9:07  Probe (Chrono Boost)  
  70  9:13  Stalker  
  70  9:15  Probe (Chrono Boost)  
  75  9:19  Probe x2 (Chrono Boost)  
  75  9:20  Observer  
  75  9:22  Probe (Chrono Boost)  
  76  9:28  Probe (Chrono Boost)  
  78  9:31  Probe (Chrono Boost), Stalker x2  
  78  9:32  Stalker  
  78  9:34  Probe (Chrono Boost)  
  78  9:35  Probe (Chrono Boost)  
  78  9:37  Shield Battery  
  86  9:38  Sentry  
  86  9:41  Probe  
  86  9:45  Stalker x2  
  93  9:51  Pylon  
  93  9:55  Stalker, Shield Battery  
  93  9:59  Observer  
  95  10:02  Probe x3  
  95  10:04  Stalker  
  100  10:07  Pylon  
  100  10:15  Stalker x2  
  104  10:25  Pylon  
  104  10:27  Nexus  
  104  10:30  Stalker  
  100  10:41  Stalker x3  
  96  10:44  Probe  
  96  10:47  Stalker  
  99  10:56  Dark Templar x2  
  102  10:59  Zealot x2  
  104  11:08  Zealot x3  
  101  11:14  Stalker  
  93  11:22  Stalker x2  
  94  11:28  Stalker x3  
  81  11:34  Stalker  
Show
View Real Time Build Order
Export as new Build Order

MeomaikA Zerg - Winner!

Build Orders: Pool First 

Get SALT Encoding   

  12  0:00  Drone  
  13  0:12  Overlord  
  13  0:16  Drone  
  14  0:30  Drone x2  
  14  0:34  Drone  
  17  0:44  Spawning Pool  
  17  0:47  Drone  
  17  1:02  Drone  
  18  1:04  Extractor  
  18  1:06  Drone  
  18  1:17  Drone  
  19  1:25  Hatchery  
  18  1:31  Zergling x2  
  18  1:32  Queen  
  19  1:38  Drone  
  22  1:48  Overlord  
  22  2:04  Metabolic Boost  
  22  2:08  Drone  
  23  2:10  Queen  
  23  2:11  Drone  
  26  2:23  Drone  
  27  2:32  Drone  
  28  2:37  Drone  
  28  2:43  Hatchery  
  29  2:44  Zergling x4  
  29  2:45  Zergling x2  
  29  2:48  Drone  
  32  2:59  Drone, Overlord  
  32  3:01  Drone  
  34  3:12  Drone  
  35  3:13  Drone  
  35  3:17  Overlord  
  35  3:19  Drone x2  
  38  3:21  Drone x2  
  38  3:22  Drone  
  38  3:26  Spore Crawler  
  40  3:28  Drone  
  40  3:32  Drone  
  42  3:35  Spore Crawler  
  42  3:37  Drone  
  42  3:43  Lair  
  42  3:46  Extractor, Drone  
  42  3:48  Drone  
  41  3:51  Drone  
  41  3:53  Drone  
  43  3:56  Extractor  
  43  3:59  Zergling x6  
  43  4:00  Zergling x2  
  43  4:02  Zergling x2  
  48  4:04  Zergling x2  
  48  4:05  Zergling x2  
  51  4:10  Drone  
  51  4:11  Zergling x2  
  51  4:12  Zergling x4  
  54  4:17  Overlord  
  54  4:19  Drone  
  54  4:27  Zergling x6  
  54  4:30  Zergling x2, Roach Warren  
  57  4:34  Overlord  
  57  4:36  Zergling x2  
  57  4:37  Zergling x2  
  59  4:38  Zergling x2  
  59  4:43  Zergling x6  
  60  4:51  Overseer  
  52  5:10  Roach x4, Glial Reconstitution  
  52  5:11  Roach x4  
  52  5:12  Roach  
  69  5:15  Roach  
  69  5:16  Roach  
  73  5:25  Overlord  
  73  5:26  Drone  
  73  5:28  Overlord  
  74  5:34  Roach  
  73  5:36  Overlord  
  73  5:43  Queen  
  73  5:47  Roach x4  
  81  5:51  Queen  
  81  5:54  Overseer  
  81  5:56  Roach  
  85  5:58  Roach  
  85  6:00  Roach  
  85  6:02  Roach  
  91  6:06  Overlord  
  91  6:09  Roach  
  91  6:11  Roach  
  95  6:15  Roach  
  95  6:18  Overlord  
  96  6:27  Roach  
  96  6:28  Roach, Overseer  
  96  6:29  Roach x2  
  96  6:30  Zergling x2  
  96  6:32  Zergling x4  
  102  6:38  Zergling x6  
  105  6:41  Zergling x4  
  105  6:44  Zergling x2  
  105  6:46  Zergling x2  
  104  6:48  Zergling x2  
  104  6:49  Zergling x2  
  104  6:51  Zergling x2  
  104  7:06  Roach  
  106  7:10  Overseer  
  92  7:30  Overlord x2  
  92  7:32  Overlord  
  70  7:44  Drone x4  
  70  7:45  Drone x2  
  70  7:46  Drone x4  
  70  7:47  Queen x2  
  70  7:51  Drone x2  
  82  7:55  Drone x2  
  82  7:57  Drone  
  82  7:58  Drone  
  80  8:00  Drone x2  
  80  8:01  Drone  
  79  8:06  Roach x2  
  79  8:10  Roach  
  81  8:17  Roach  
  81  8:18  Roach  
  81  8:19  Roach  
  79  8:20  Extractor, Drone x2  
  79  8:22  Roach  
  78  8:27  Extractor, Roach  
  78  8:28  Hydralisk Den  
  78  8:31  Roach  
  78  8:32  Roach  
  82  8:35  Pneumatized Carapace  
  82  8:37  Overseer  
  82  8:38  Roach  
  82  8:41  Roach  
  86  8:43  Roach  
  86  8:46  Drone  
  86  8:47  Drone  
  86  8:48  Roach  
  92  8:49  Roach  
  92  8:51  Roach  
  98  8:55  Roach  
  98  8:56  Overlord  
  98  9:02  Muscular Augments  
  98  9:20  Hydralisk  
  98  9:21  Hydralisk x4  
  98  9:23  Overlord  
  105  9:27  Evolution Chamber  
  105  9:28  Evolution Chamber  
  102  9:32  Drone x2  
  102  9:33  Hydralisk  
  102  9:34  Hatchery  
  105  9:44  Hydralisk  
  105  9:45  Hydralisk x3  
  113  9:46  Overlord  
  113  9:47  Drone  
  113  9:51  Overlord  
  114  9:55  Overlord  
  112  10:03  Hydralisk  
  112  10:04  Overlord x2  
  114  10:09  Roach x2  
  114  10:10  Roach  
  114  10:12  Roach  
  114  10:13  Grooved Spines  
  124  10:14  Roach  
  124  10:16  Roach  
  124  10:18  Roach  
  124  10:20  Roach  
  130  10:23  Roach  
  130  10:27  Overlord  
  132  10:40  Roach x8  
  132  10:41  Zergling x2  
  147  10:45  Overlord  
  147  10:46  Overseer  
  147  10:47  Overseer  
  149  10:50  Roach  
  149  10:51  Roach  
  149  10:55  Zergling x2  
  149  10:56  Zergling x6  
  151  10:58  Zergling x2  
  151  10:59  Zergling x2  
  151  11:01  Zergling x4  
  151  11:03  Zergling x2  
  156  11:05  Zergling x2  
  156  11:06  Zergling x2  
  156  11:07  Roach, Overseer  
  156  11:10  Roach  
  152  11:13  Zergling x2  
  152  11:14  Zergling x4  
  152  11:15  Zergling x2  
  152  11:16  Zergling x2  
  152  11:17  Zergling x2  
  148  11:19  Zergling x2  
  148  11:20  Zergling x2  
  148  11:22  Zergling x2  
  148  11:23  Zergling x2  
  148  11:24  Zergling x2  
  143  11:31  Zergling x2  
  143  11:33  Lurker Den  
Tags
 
Add a new tag
Caveats
  • Supply blocks, unpowered buildings, or Contaminate may cause inaccurate times.
  • Supply counts are checked every 10 seconds.